Map: Hidden Caves

Players

FeniX

  • Race: Protoss Protoss
  • League: Master

RGnPwNHasE

  • Race: Terran Terran

Pwnika

  • Race: Protoss Protoss
  • League: Platinum

RGnShockhead

  • Race: Protoss Protoss
  • League: Platinum

JohnMcClane

  • Race: Zerg Zerg
  • League: Silver

BLFG

  • Race: Protoss Protoss

JackONeill

  • Race: Zerg Zerg

Hindulaatti

  • Race: Terran Terran
  • League: Diamond

VOD

Have the link to the VOD?

Description

Time

  • Played on: Jan. 18, 2016, 12:13 p.m.
  • Length: 16:57
Show
View Real Time Build Order
Export as new Build Order

FeniX Protoss 

Build Orders: Phoenix Opening 

Get SALT Encoding   

  12  0:01  Probe (Chrono Boost)  
  13  0:11  Probe (Chrono Boost)  
  14  0:18  Pylon  
  14  0:23  Probe (Chrono Boost)  
  15  0:36  Probe (Chrono Boost)  
  15  0:38  Gateway  
  16  0:46  Probe (Chrono Boost)  
  16  0:49  Assimilator  
  18  0:57  Probe (Chrono Boost)  
  18  0:58  Assimilator  
  18  1:08  Probe (Chrono Boost)  
  19  1:17  Pylon  
  19  1:20  Probe (Chrono Boost)  
  20  1:29  Cybernetics Core  
  20  1:31  Probe (Chrono Boost)  
  21  1:43  Probe (Chrono Boost)  
  22  1:54  Probe (Chrono Boost)  
  23  2:08  Stargate  
  23  2:11  Mothership Core (Chrono Boost)  
  25  2:19  Assimilator  
  25  2:25  Assimilator  
  25  2:33  Probe (Chrono Boost)  
  25  2:34  Pylon  
  26  2:52  Probe (Chrono Boost)  
  26  2:53  Nexus  
  26  2:59  Phoenix (Chrono Boost)  
  28  3:17  Probe  
  29  3:21  Phoenix (Chrono Boost)  
  29  3:25  Protoss Air Armor Level 1 (Chrono Boost)  
  31  3:29  Probe  
  32  3:41  Probe  
  32  3:43  Phoenix (Chrono Boost), Pylon  
  35  3:55  Probe  
  36  4:02  Pylon  
  36  4:04  Phoenix (Chrono Boost)  
  38  4:10  Probe  
  38  4:12  Probe  
  40  4:21  Probe  
  40  4:24  Probe  
  42  4:26  Assimilator, Phoenix (Chrono Boost)  
  41  4:35  Probe  
  41  4:37  Probe  
  41  4:46  Probe  
  41  4:48  Phoenix (Chrono Boost)  
  41  4:49  Probe  
  45  4:55  Assimilator  
  45  4:56  Probe  
  46  5:01  Probe  
  47  5:07  Probe  
  47  5:11  Phoenix  
  47  5:13  Probe  
  51  5:28  Stargate  
  51  5:31  Protoss Air Weapons Level 1 (Chrono Boost)  
  51  5:33  Probe  
  51  5:35  Probe  
  53  5:36  Phoenix  
  55  5:44  Probe  
  55  5:47  Probe  
  57  5:54  Probe  
  58  5:59  Probe, Nexus  
  59  6:04  Phoenix  
  61  6:12  Probe  
  61  6:14  Probe  
  61  6:17  Forge  
  63  6:22  Fleet Beacon  
  63  6:29  Phoenix  
  65  6:34  Phoenix  
  67  6:54  Phoenix  
  67  6:55  Cybernetics Core  
  67  6:58  Protoss Shields Level 1  
  69  7:04  Pylon, Protoss Air Weapons Level 2 (Chrono Boost)  
  69  7:05  Probe x2  
  69  7:11  Phoenix  
  71  7:22  Probe, Anion Pulse-Crystals (Chrono Boost)  
  71  7:23  Probe x2  
  74  7:33  Probe  
  74  7:35  Probe x2  
  77  8:01  Protoss Air Armor Level 2  
  75  8:08  Probe x2  
  75  8:09  Assimilator  
  75  8:12  Pylon  
  77  8:13  Assimilator  
  77  8:15  Pylon, Probe  
  77  8:19  Pylon  
  78  8:20  Probe x2  
  78  8:22  Pylon  
  78  8:25  Phoenix x2, Pylon  
  84  8:33  Photon Cannon  
  84  8:35  Photon Cannon  
  84  8:39  Photon Cannon  
  84  8:41  Photon Cannon  
  84  8:47  Photon Cannon  
  84  8:50  Phoenix x2  
  84  8:55  Graviton Catapult (Chrono Boost)  
  88  9:18  Nexus  
  88  9:22  Assimilator x2  
  88  9:26  Pylon  
  88  9:27  Pylon  
  88  9:29  Twilight Council, Pylon  
  88  9:32  Carrier  
  88  9:34  Carrier  
  98  10:00  Stargate  
  98  10:02  Stargate  
  96  10:07  Pylon x2  
  96  10:11  Stargate  
  88  10:14  Stargate  
  88  10:19  Protoss Shields Level 2  
  69  10:31  Protoss Air Weapons Level 3 (Chrono Boost)  
  69  11:08  Carrier, Protoss Air Armor Level 3 (Chrono Boost)  
  69  11:09  Carrier x3  
  99  11:26  Probe x4  
  103  11:38  Probe  
  103  11:53  Carrier (Chrono Boost)  
  109  11:56  Photon Cannon x2  
  109  12:02  Photon Cannon  
  109  12:11  Pylon  
  109  12:12  Photon Cannon  
  109  12:15  Pylon  
  109  12:20  Photon Cannon  
  109  12:27  Assimilator  
  109  12:29  Photon Cannon  
  109  12:30  Photon Cannon  
  109  12:35  Probe x4  
  113  12:45  Carrier (Chrono Boost)  
  119  12:58  Photon Cannon  
  119  13:01  Photon Cannon  
  119  13:03  Photon Cannon  
  119  13:04  Carrier (Chrono Boost)  
  125  13:25  Protoss Shields Level 3  
  125  13:40  Carrier (Chrono Boost)  
  117  13:58  Carrier (Chrono Boost)  
  123  14:03  Mothership Core  
  123  14:12  Carrier (Chrono Boost)  
  129  15:27  Carrier (Chrono Boost)  
  129  15:49  Nexus  
  129  15:51  Pylon  
  129  15:52  Pylon x2  
  135  16:09  Templar Archives  
  135  16:17  Photon Cannon  
  135  16:19  Photon Cannon  
  135  16:23  Photon Cannon  
  135  16:26  Photon Cannon  
  135  16:27  Photon Cannon  
  135  16:32  Photon Cannon  
  135  16:33  Assimilator  
  129  16:40  Assimilator  
Show
View Real Time Build Order
Export as new Build Order

RGnPwNHasE Terran 

Build Orders: MMM Bio 

Get SALT Encoding   

  12  0:00  SCV  
  13  0:13  SCV  
  14  0:17  Supply Depot  
  14  0:25  SCV  
  15  0:39  SCV  
  16  0:46  Barracks  
  16  0:51  SCV  
  17  1:17  Command Center  
  17  1:21  Refinery  
  17  1:23  SCV  
  18  1:41  Marine  
  19  1:47  Orbital Command  
  19  1:56  Barracks  
  19  1:58  Supply Depot  
  19  2:01  Marine  
  20  2:17  SCV  
  20  2:20  Marine  
  22  2:30  Orbital Command  
  22  2:33  SCV  
  23  2:38  Marine  
  24  2:44  Marine  
  24  2:45  SCV  
  25  2:59  SCV  
  26  3:07  SCV  
  26  3:08  Marine  
  26  3:09  Marine  
  26  3:11  SCV  
  30  3:19  SCV  
  31  3:23  SCV  
  31  3:26  Marine  
  33  3:28  Refinery  
  33  3:34  Barracks  
  33  3:36  SCV, Barracks  
  33  3:38  Engineering Bay  
  33  3:39  Barracks Reactor  
  33  3:51  Marine  
  33  4:08  Terran Infantry Weapons Level 1  
  33  4:09  Marine  
  34  4:15  Supply Depot  
  34  4:21  Supply Depot, Marine x2  
  34  4:23  Barracks Tech Lab  
  36  4:29  Barracks Tech Lab  
  35  4:32  Orbital Command  
  35  4:34  Barracks Reactor  
  35  4:38  Marine  
  35  4:39  Marine  
  35  4:42  Stimpack  
  39  4:45  Marauder  
  39  4:48  Combat Shields  
  39  4:56  Marine x2  
  39  4:58  SCV  
  42  5:10  SCV  
  43  5:15  Bunker  
  37  5:41  Marine  
  37  5:42  Marine x2  
  40  5:43  Marauder x2  
  40  5:44  Marine  
  45  5:52  SCV  
  45  5:54  Factory  
  46  5:59  Marine x2  
  46  6:00  Marine  
  47  6:04  SCV  
  47  6:05  Marauder x2  
  47  6:07  Orbital Command  
  52  6:14  Concussive Shells  
  52  6:16  Terran Infantry Armor Level 1  
  52  6:37  SCV  
  53  6:49  SCV  
  54  7:01  SCV  
  55  7:13  SCV  
  56  7:23  SCV  
  56  7:25  SCV  
  58  7:30  Factory Reactor  
  58  7:31  Starport  
  58  7:33  Marauder x2  
  62  7:38  Supply Depot  
  62  7:40  Supply Depot  
  62  7:43  Supply Depot  
  62  7:47  Supply Depot  
  62  7:49  Supply Depot  
  62  8:00  Marauder x2, Marine x2, SCV x2  
  62  8:01  Refinery, Marine x2, Armory  
  62  8:03  Refinery  
  72  8:53  SCV  
  74  8:55  SCV  
  74  8:58  Terran Infantry Weapons Level 2  
  74  9:05  SCV  
  74  9:06  Engineering Bay  
  74  9:07  SCV  
  76  9:13  Supply Depot  
  76  9:35  Marauder x2, Marine  
  76  9:36  Supply Depot, Marine x3  
  84  9:40  Medivac x2  
  88  9:46  Terran Infantry Armor Level 2  
  88  9:49  SCV  
  89  9:53  Marine  
  89  9:54  Marine x3  
  89  9:57  Marauder x2  
  62  10:10  Medivac x2  
  62  10:11  Marine  
  62  10:12  Marine x3  
  67  10:17  Marine  
  67  10:18  Marine  
  69  10:29  Marine x4  
  73  10:35  Marine x2  
  73  10:40  Medivac x2  
  79  10:47  Marine x4  
  83  10:51  Supply Depot  
  83  10:53  Marine  
  84  11:02  Marauder  
  86  11:04  Marine  
  86  11:05  Marine x3  
  86  11:10  Medivac x2  
  94  11:11  Marauder  
  96  11:22  Marine  
  96  11:23  Marine  
  96  11:24  Marauder  
  100  11:33  Marauder  
  102  11:47  Marauder  
  102  11:48  Marine x4  
  108  11:54  Marauder  
  108  11:58  Terran Infantry Weapons Level 3  
  108  12:00  Medivac x2  
  114  12:02  Terran Infantry Armor Level 3  
  114  12:06  Marine x2  
  116  12:09  Marauder  
  118  12:16  Marauder  
  118  12:17  Supply Depot  
  118  12:19  Supply Depot  
  118  12:20  Supply Depot  
  120  12:31  SCV  
  121  12:41  Supply Depot  
  121  12:43  SCV  
  122  12:44  Supply Depot  
  110  13:24  Marauder  
  110  13:25  Marauder, Marine x4  
  118  13:43  Marine x4  
  118  13:46  Marauder x2  
  126  14:00  Marine  
  126  14:01  Marine x3  
  113  14:07  Marine x2  
  89  14:18  Marine  
  89  14:19  Marine x3  
  91  14:24  Marine  
  91  14:25  Marine  
  89  14:31  Barracks  
  89  14:32  Barracks  
  89  14:34  Barracks  
  89  14:36  Marine  
  89  14:37  Marine x3  
  93  14:42  Marine  
  93  14:43  Marine  
  95  14:54  Marine x4  
  97  15:00  Terran Ship Weapons Level 1, Marine  
  97  15:01  Marine  
  97  15:05  Liberator x2  
  99  15:12  Marine x4  
  103  15:18  Marine x2  
  111  15:30  Refinery  
  111  15:31  Command Center, Refinery  
  111  15:47  Liberator x2  
Show
View Real Time Build Order
Export as new Build Order

Pwnika Protoss 

Build Orders: Oracle Opening 

Get SALT Encoding   

  12  0:02  Probe (Chrono Boost)  
  13  0:12  Probe (Chrono Boost)  
  14  0:21  Pylon  
  14  0:23  Probe (Chrono Boost)  
  15  0:39  Probe (Chrono Boost)  
  15  0:40  Gateway  
  16  0:48  Assimilator  
  16  0:49  Probe (Chrono Boost)  
  17  1:00  Probe (Chrono Boost)  
  18  1:06  Assimilator  
  18  1:11  Pylon  
  18  1:12  Probe (Chrono Boost)  
  20  1:25  Probe (Chrono Boost)  
  20  1:31  Cybernetics Core  
  20  1:36  Probe (Chrono Boost), Zealot  
  23  1:46  Probe (Chrono Boost)  
  24  1:57  Probe (Chrono Boost)  
  25  2:05  Forge  
  25  2:08  Warp Gate  
  25  2:12  Stargate  
  25  2:35  Nexus  
  25  2:40  Pylon  
  25  2:52  Adept  
  25  2:56  Oracle  
  30  3:11  Photon Cannon  
  30  3:17  Photon Cannon  
  30  3:20  Probe (Chrono Boost)  
  31  3:30  Probe (Chrono Boost)  
  32  3:39  Gateway  
  33  3:41  Probe (Chrono Boost)  
  33  3:51  Probe (Chrono Boost)  
  33  3:52  Mothership Core (Chrono Boost)  
  36  4:00  Oracle  
  39  4:27  Protoss Ground Weapons Level 1  
  39  4:28  Probe x2 (Chrono Boost)  
  39  4:29  Gateway  
  41  4:36  Oracle (Chrono Boost)  
  41  4:38  Pylon  
  44  4:40  Probe  
  45  4:49  Robotics Facility  
  45  4:52  Probe  
  45  4:53  Probe  
  47  5:17  Probe  
  47  5:18  Probe  
  49  5:25  Assimilator  
  49  5:28  Probe  
  49  5:29  Assimilator  
  49  5:30  Pylon  
  49  5:31  Probe  
  49  5:33  Pylon  
  51  5:38  Probe  
  51  5:42  Immortal  
  56  5:43  Probe  
  56  5:45  Void Ray (Chrono Boost)  
  61  5:53  Photon Cannon  
  61  5:59  Probe  
  61  6:00  Probe  
  63  6:09  Probe  
  64  6:12  Probe  
  65  6:20  Probe  
  66  6:45  Immortal  
  66  6:46  Void Ray (Chrono Boost)  
  66  6:47  Probe  
  75  6:50  Probe  
  76  6:54  Photon Cannon  
  76  6:59  Probe  
  75  7:20  Photon Cannon  
  75  7:37  Pylon  
  75  7:38  Pylon  
  75  7:45  Nexus  
  75  7:48  Pylon  
  75  7:55  Probe  
  75  7:56  Void Ray (Chrono Boost), Immortal  
  75  7:57  Probe  
  85  8:01  Gateway  
  85  8:02  Gateway  
  85  8:12  Sentry  
  85  8:13  Sentry  
  85  8:14  Sentry  
  91  8:22  Pylon  
  91  8:25  Probe  
  92  8:33  Void Ray (Chrono Boost)  
  96  8:35  Immortal  
  100  8:46  Probe  
  100  8:48  Probe  
  102  8:50  Sentry x3  
  108  8:57  Probe  
  108  9:00  Probe  
  101  9:18  Sentry  
  101  9:19  Sentry x3  
  101  9:20  Sentry  
  101  9:23  Void Ray (Chrono Boost)  
  86  9:59  Zealot x5  
  100  10:00  Void Ray (Chrono Boost)  
  100  10:05  Forge x2  
  90  10:08  Pylon  
  90  10:19  Stalker  
  90  10:20  Stalker x4  
  96  10:33  Probe  
  96  10:34  Probe  
  92  10:41  Protoss Ground Armor Level 1 (Chrono Boost)  
  93  10:45  Twilight Council, Probe  
  94  11:12  Immortal  
  98  11:22  Templar Archives  
  98  11:24  Gateway  
  98  11:26  Pylon  
  98  11:27  Pylon  
  98  11:31  Nexus  
  97  11:34  Photon Cannon  
  97  11:35  Photon Cannon  
  97  11:37  Zealot  
  97  11:38  Zealot x4, Photon Cannon  
  106  11:40  Protoss Ground Weapons Level 2 (Chrono Boost)  
  106  11:44  Charge  
  106  11:51  Immortal  
  100  12:01  Probe  
  100  12:03  Probe  
  102  12:10  Photon Cannon  
  102  12:12  Probe  
  102  12:13  Pylon  
  102  12:15  Probe  
  104  12:19  High Templar x5  
  114  12:24  Probe  
  114  12:27  Probe  
  114  12:29  Archon x2  
  116  12:38  Gateway  
  116  12:40  Gateway  
  116  12:42  Gateway  
  116  12:44  Probe  
  116  12:46  Probe  
  108  13:14  Stalker x3  
  108  13:15  Stalker x2  
  96  13:42  Stalker x4  
  96  13:43  Stalker  
  96  13:47  Protoss Ground Armor Level 2 (Chrono Boost)  
  96  13:48  Protoss Ground Weapons Level 3 (Chrono Boost)  
  82  14:02  Zealot x3  
  76  14:05  Zealot x3  
  80  14:16  Zealot x2  
  84  14:22  Assimilator  
  84  14:24  Zealot x2  
  84  14:25  Assimilator  
  84  14:26  High Templar  
  84  14:28  High Templar  
  92  14:32  Archon  
  92  14:34  Zealot  
  92  14:35  Zealot  
  92  14:58  Zealot x6  
  100  15:07  Sentry x2  
  100  15:21  Zealot x3  
  100  15:22  Zealot x2  
  110  15:41  Zealot x2  
  110  15:42  Zealot  
  116  15:43  Observer  
  113  16:05  Zealot x2  
  113  16:06  Zealot x6  
  81  16:48  High Templar  
  81  16:49  High Templar x7  
  81  16:52  Archon  
  81  16:53  Archon x3  
Show
View Real Time Build Order
Export as new Build Order

RGnShockhead Protoss 

Build Orders: 1 Gate Expand 

Get SALT Encoding   

  12  0:01  Probe (Chrono Boost)  
  13  0:11  Probe (Chrono Boost)  
  14  0:22  Probe (Chrono Boost)  
  14  0:27  Pylon  
  15  0:45  Probe (Chrono Boost)  
  15  0:49  Gateway  
  16  0:53  Assimilator  
  16  1:02  Probe (Chrono Boost)  
  17  1:12  Probe (Chrono Boost)  
  18  1:21  Nexus  
  18  1:27  Probe (Chrono Boost)  
  19  1:40  Cybernetics Core  
  19  1:46  Pylon  
  19  1:50  Probe (Chrono Boost)  
  20  2:00  Probe (Chrono Boost)  
  21  2:02  Assimilator  
  21  2:06  Zealot  
  23  2:11  Probe (Chrono Boost)  
  24  2:19  Warp Gate  
  24  2:22  Probe (Chrono Boost)  
  25  2:32  Probe (Chrono Boost)  
  26  2:43  Mothership Core (Chrono Boost)  
  29  2:44  Probe (Chrono Boost)  
  28  3:10  Probe x2 (Chrono Boost)  
  30  3:15  Pylon  
  30  3:19  Pylon  
  30  3:20  Probe (Chrono Boost)  
  30  3:21  Probe (Chrono Boost)  
  32  3:30  Pylon  
  32  3:31  Probe x2 (Chrono Boost)  
  32  3:32  Pylon  
  34  3:37  Robotics Facility  
  34  3:38  Robotics Facility  
  35  3:41  Probe (Chrono Boost)  
  35  3:42  Probe (Chrono Boost)  
  36  3:52  Probe (Chrono Boost)  
  37  4:00  Probe (Chrono Boost)  
  37  4:02  Probe (Chrono Boost)  
  39  4:09  Forge  
  39  4:10  Probe (Chrono Boost)  
  39  4:13  Probe (Chrono Boost)  
  39  4:14  Assimilator  
  41  4:17  Assimilator  
  41  4:21  Probe (Chrono Boost)  
  41  4:23  Probe (Chrono Boost)  
  42  4:35  Probe x2 (Chrono Boost)  
  45  4:45  Probe (Chrono Boost)  
  45  4:46  Probe (Chrono Boost)  
  45  4:47  Protoss Ground Weapons Level 1  
  45  4:51  Photon Cannon  
  46  4:54  Photon Cannon  
  46  4:55  Immortal  
  46  4:56  Immortal  
  54  5:01  Gateway  
  54  5:04  Gateway  
  51  5:15  Probe (Chrono Boost)  
  51  5:16  Probe (Chrono Boost)  
  53  5:26  Probe x2 (Chrono Boost)  
  55  5:45  Probe x2 (Chrono Boost)  
  57  5:54  Immortal x2  
  57  5:55  Probe x2 (Chrono Boost)  
  67  6:02  Gateway x2  
  67  6:04  Gateway  
  67  6:05  Stalker  
  67  6:06  Gateway  
  67  6:07  Stalker  
  71  6:11  Stalker  
  73  6:32  Stalker x2  
  77  6:33  Observer  
  78  6:48  Pylon  
  78  6:50  Pylon  
  78  6:53  Pylon  
  78  6:55  Protoss Ground Armor Level 1  
  78  7:02  Pylon  
  78  7:03  Pylon  
  78  7:06  Observer, Pylon  
  79  7:18  Stalker x3  
  85  7:33  Stalker  
  85  7:34  Stalker x2  
  91  7:40  Immortal x2  
  91  7:42  Stalker x2  
  91  7:43  Stalker x2  
  107  8:36  Stalker x2  
  107  8:37  Stalker x4  
  119  8:52  Robotics Bay  
  119  8:54  Stalker  
  121  9:02  Nexus  
  121  9:04  Assimilator  
  121  9:06  Assimilator  
  78  9:29  Stalker x6  
  78  9:30  Stalker  
  62  10:02  Stalker x2  
  62  10:03  Stalker x5  
  74  10:13  Nexus  
  72  10:33  Stalker  
  72  10:34  Stalker x5  
  84  10:43  Colossus  
  90  10:56  Colossus  
  96  11:04  Extended Thermal Lance  
  94  11:29  Nexus  
  94  11:35  Probe x2 (Chrono Boost)  
  94  11:39  Protoss Shields Level 1  
  96  11:44  Colossus  
  96  11:46  Probe x2 (Chrono Boost)  
  104  11:56  Probe x2 (Chrono Boost)  
  106  12:05  Stalker x3  
  112  12:27  Colossus  
  118  12:41  Colossus  
  124  12:57  Twilight Council  
  124  13:11  Nexus  
  121  13:34  Stalker x2  
  121  13:35  Stalker x5  
  110  14:13  Stalker x2  
  110  14:14  Stalker x3  
  110  14:15  Stalker  
  108  14:17  Colossus  
  94  14:46  Observer  
  95  15:03  Stalker x2  
  95  15:04  Stalker x5  
  109  15:08  Observer, Probe x2 (Chrono Boost)  
  109  15:10  Colossus  
  118  15:14  Assimilator  
  118  15:19  Assimilator  
  118  15:28  Colossus  
  124  15:43  Stalker x2  
  124  15:44  Stalker x3  
  134  16:07  Stalker x5  
  134  16:08  Stalker x2  
  140  16:28  Probe (Chrono Boost)  
  140  16:29  Probe (Chrono Boost)  
  140  16:30  Probe (Chrono Boost)  
  138  16:39  Probe (Chrono Boost)  
  140  16:40  Probe (Chrono Boost)  
  140  16:41  Probe (Chrono Boost)  
Show
View Real Time Build Order
Export as new Build Order

JohnMcClane Zerg 

Build Orders: Hatch First 

Get SALT Encoding   

  12  0:01  Drone  
  13  0:14  Overlord  
  13  0:24  Drone  
  13  0:27  Extractor  
  13  0:28  Drone  
  14  0:34  Drone  
  16  0:38  Drone  
  17  0:55  Drone  
  18  1:04  Extractor  
  18  1:05  Drone, Hatchery  
  17  1:21  Spawning Pool  
  16  1:27  Drone  
  16  1:28  Drone  
  18  1:34  Drone  
  19  1:50  Overlord  
  19  2:11  Metabolic Boost  
  19  2:12  Zergling x4  
  21  2:16  Queen  
  21  2:20  Queen  
  25  2:25  Drone x2  
  27  2:35  Drone x3  
  30  2:39  Drone  
  31  2:47  Drone  
  32  2:52  Drone  
  33  3:00  Drone  
  33  3:03  Extractor  
  33  3:05  Extractor  
  32  3:08  Drone x2  
  34  3:15  Drone  
  35  3:22  Extractor  
  35  3:23  Spore Crawler  
  33  3:30  Drone x3  
  36  3:39  Overlord x2  
  36  3:57  Queen  
  37  4:07  Spore Crawler  
  36  4:16  Drone x8  
  44  4:20  Lair  
  44  4:45  Spore Crawler  
  43  4:46  Overlord x3  
  43  4:57  Drone  
  44  5:11  Drone x2  
  46  5:22  Infestation Pit  
  46  5:27  Zergling x8  
  49  5:53  Baneling Nest  
  46  6:04  Queen  
  46  6:15  Spore Crawler  
  45  6:18  Pathogen Glands  
  45  6:21  Overlord x2  
  44  6:52  Infestor x7  
  44  6:53  Infestor x4  
  63  6:54  Overlord x3  
  63  7:10  Centrifical Hooks  
  63  7:15  Evolution Chamber  
  63  7:18  Zergling x2  
  63  7:19  Evolution Chamber, Zergling x2  
  63  7:21  Overlord x2  
  63  7:23  Drone x2  
  65  7:38  Baneling x2  
  63  7:57  Drone x4  
  65  8:07  Infestor x6  
  77  8:16  Spore Crawler  
  76  8:29  Infestor  
  78  9:01  Zergling x24  
  64  9:54  Infestor x2  
  66  10:08  Zerg Melee Weapons Level 1  
  66  10:09  Zerg Ground Armor Level 1  
  66  10:11  Hive  
  64  10:42  Hydralisk Den  
  63  10:56  Drone  
  63  10:57  Drone x4, Overlord x2  
  58  11:21  Hydralisk x12  
  58  11:23  Muscular Augments  
  82  11:33  Extractor  
  82  11:35  Hatchery  
  80  11:45  Neural Parasite  
  80  11:51  Extractor  
  79  12:03  Queen  
  79  12:06  Zerg Missile Weapons Level 1  
  79  12:07  Zerg Ground Armor Level 2  
  81  12:13  Hydralisk x3  
  87  12:36  Infestor x5  
  95  12:37  Hydralisk  
  97  13:02  Zergling x10  
  102  13:13  Hydralisk x7  
  116  13:21  Baneling  
  116  13:22  Baneling x3  
  116  13:27  Baneling x4  
  116  13:28  Zergling x10  
  121  13:36  Drone x2  
  121  13:37  Drone  
  33  14:36  Hydralisk x8  
  46  15:17  Hydralisk x9  
  64  15:21  Hatchery  
  53  15:46  Hydralisk x4  
  38  16:26  Extractor  
  38  16:29  Extractor  
Show
View Real Time Build Order
Export as new Build Order

BLFG Protoss 

Build Orders: 1 Gate Expand, Oracle Opening 

Get SALT Encoding   

  12  0:02  Probe (Chrono Boost)  
  13  0:13  Probe (Chrono Boost)  
  14  0:20  Pylon  
  14  0:24  Probe (Chrono Boost)  
  15  0:38  Probe (Chrono Boost)  
  15  0:39  Gateway  
  16  0:49  Probe (Chrono Boost)  
  17  0:59  Probe (Chrono Boost)  
  18  1:10  Probe (Chrono Boost)  
  19  1:20  Probe (Chrono Boost)  
  19  1:22  Nexus  
  20  1:30  Assimilator  
  20  1:38  Cybernetics Core  
  20  1:41  Assimilator  
  20  1:43  Probe (Chrono Boost)  
  21  1:53  Probe (Chrono Boost)  
  22  1:55  Pylon  
  22  2:04  Probe (Chrono Boost)  
  23  2:14  Probe (Chrono Boost)  
  24  2:18  Pylon  
  24  2:25  Probe (Chrono Boost)  
  25  2:33  Stargate  
  25  2:36  Probe (Chrono Boost)  
  26  2:37  Probe (Chrono Boost)  
  27  2:46  Probe x2 (Chrono Boost)  
  27  2:50  Protoss Air Weapons Level 1 (Chrono Boost)  
  29  2:56  Probe  
  29  2:58  Probe  
  31  2:59  Pylon  
  31  3:06  Assimilator  
  31  3:07  Probe  
  31  3:10  Probe  
  33  3:17  Probe  
  33  3:19  Oracle  
  34  3:22  Probe  
  34  3:26  Assimilator  
  38  3:28  Probe  
  38  3:31  Pylon  
  39  3:34  Probe  
  39  3:38  Probe  
  41  3:46  Probe  
  42  3:48  Stargate  
  42  3:50  Probe  
  43  3:58  Probe  
  41  4:07  Probe  
  36  4:10  Probe  
  35  4:18  Probe  
  35  4:22  Probe  
  37  4:28  Probe  
  38  4:32  Forge  
  38  4:34  Probe  
  36  4:39  Probe  
  36  4:41  Pylon  
  37  4:46  Probe  
  37  4:50  Probe  
  37  4:51  Void Ray x2 (Chrono Boost)  
  47  4:59  Probe  
  48  5:02  Probe  
  48  5:06  Photon Cannon  
  49  5:10  Pylon  
  49  5:11  Probe  
  49  5:12  Photon Cannon  
  50  5:18  Probe  
  51  5:23  Probe  
  52  5:33  Void Ray (Chrono Boost)  
  56  5:36  Void Ray (Chrono Boost)  
  56  5:37  Probe  
  61  5:46  Pylon  
  61  6:00  Nexus  
  61  6:10  Void Ray (Chrono Boost)  
  61  6:17  Fleet Beacon  
  61  6:31  Photon Cannon  
  61  6:33  Photon Cannon  
  61  6:34  Photon Cannon  
  61  6:41  Void Ray (Chrono Boost)  
  65  6:58  Assimilator  
  65  7:01  Assimilator  
  65  7:05  Stargate  
  65  7:07  Stargate  
  65  7:09  Stargate  
  65  7:11  Stargate  
  65  7:14  Protoss Shields Level 1 (Chrono Boost)  
  65  7:15  Void Ray (Chrono Boost)  
  65  7:16  Stargate  
  69  7:27  Probe  
  69  7:28  Probe  
  69  7:29  Probe  
  72  7:33  Void Ray  
  76  7:41  Probe  
  57  8:02  Phoenix  
  57  8:05  Phoenix x3  
  63  8:06  Phoenix  
  63  8:07  Phoenix  
  69  8:15  Probe, Anion Pulse-Crystals  
  69  8:16  Phoenix  
  69  8:17  Probe x2  
  74  8:26  Probe  
  74  8:29  Probe x2  
  77  8:42  Phoenix  
  77  8:45  Phoenix x2  
  77  8:46  Phoenix  
  85  8:59  Phoenix x2  
  84  9:11  Phoenix  
  84  9:14  Phoenix  
  84  9:16  Phoenix  
  90  9:20  Probe  
  90  9:21  Probe  
  90  9:22  Probe  
  93  9:31  Nexus  
  93  9:33  Probe  
  93  9:34  Pylon  
  93  9:37  Pylon  
  94  9:42  Pylon  
  86  10:15  Void Ray  
  80  10:21  Void Ray x4  
  88  10:30  Probe  
  88  10:31  Probe x2  
  87  10:35  Photon Cannon  
  87  10:40  Photon Cannon  
  83  10:43  Probe x2  
  83  10:45  Protoss Air Weapons Level 2  
  85  10:51  Photon Cannon  
  85  10:54  Void Ray  
  89  11:09  Void Ray  
  93  11:20  Void Ray  
  93  11:23  Probe  
  93  11:24  Probe  
  93  11:25  Probe x2  
  101  11:34  Void Ray  
  101  11:40  Void Ray  
  101  11:44  Void Ray  
  113  11:50  Assimilator  
  113  11:51  Probe x2  
  113  11:52  Probe x2  
  117  12:02  Void Ray  
  121  12:10  Void Ray x2  
  129  12:20  Assimilator  
  129  12:22  Void Ray  
  129  12:28  Void Ray  
  137  12:39  Void Ray  
  137  12:41  Void Ray  
  145  13:00  Pylon  
  145  13:05  Void Ray  
  145  13:07  Void Ray  
  144  13:18  Pylon  
  45  15:42  Void Ray  
  49  15:43  Void Ray x3  
Show
View Real Time Build Order
Export as new Build Order

JackONeill Zerg 

Build Orders: Hatch First, Lurkers 

Get SALT Encoding   

  12  0:01  Drone  
  13  0:09  Drone  
  14  0:16  Overlord  
  14  0:26  Drone, Extractor  
  15  0:35  Drone  
  16  0:37  Drone  
  17  0:54  Hatchery  
  16  1:06  Extractor  
  16  1:08  Spawning Pool  
  14  1:16  Drone x2  
  16  1:20  Drone  
  17  1:32  Drone  
  18  1:42  Drone  
  19  1:48  Overlord  
  19  1:56  Queen  
  19  2:01  Drone  
  22  2:05  Queen  
  24  2:09  Metabolic Boost  
  24  2:15  Zergling x2  
  25  2:22  Zergling x6  
  28  2:31  Drone  
  28  2:32  Drone  
  30  2:38  Overlord  
  30  2:54  Drone x2  
  30  2:55  Drone  
  33  2:59  Queen  
  33  3:01  Queen  
  37  3:11  Drone x3  
  40  3:20  Overlord  
  40  3:27  Baneling Nest  
  40  3:30  Zergling x6  
  42  3:35  Overlord  
  39  4:00  Zergling x4  
  39  4:01  Zergling x12  
  46  4:05  Spore Crawler  
  46  4:07  Spore Crawler  
  44  4:14  Drone x4  
  46  4:34  Drone x3  
  46  4:35  Drone  
  46  4:37  Extractor  
  48  4:39  Lair, Extractor  
  48  4:44  Roach Warren  
  45  4:52  Drone x3  
  48  4:58  Drone  
  48  4:59  Drone x2  
  51  5:02  Baneling x5  
  51  5:03  Baneling x2  
  50  5:10  Zergling x2  
  50  5:11  Zergling x4  
  51  5:20  Extractor  
  46  5:44  Overlord x3  
  46  5:47  Glial Reconstitution  
  46  5:52  Overlord x3  
  46  5:53  Evolution Chamber, Overlord  
  46  5:54  Evolution Chamber  
  44  6:02  Overlord x2  
  44  6:05  Roach x4  
  44  6:06  Roach  
  54  6:12  Drone  
  55  6:19  Spore Crawler  
  55  6:24  Baneling x4  
  55  6:25  Baneling x2  
  54  6:33  Zerg Ground Armor Level 1, Zerg Missile Weapons Level 1  
  54  6:34  Hydralisk Den  
  54  6:38  Drone  
  51  6:50  Drone x3  
  51  6:53  Ravager x3  
  57  6:55  Drone  
  57  6:56  Drone x2  
  60  7:23  Roach x2  
  60  7:24  Roach x3  
  70  7:32  Hatchery  
  69  7:38  Burrow  
  69  7:40  Muscular Augments  
  69  8:02  Drone  
  69  8:03  Drone x2  
  72  8:05  Hydralisk x2  
  72  8:06  Hydralisk x4  
  72  8:11  Ravager  
  72  8:12  Ravager x2  
  87  8:24  Hydralisk x2  
  87  8:25  Hydralisk  
  93  8:28  Overlord x2  
  87  8:57  Hydralisk x5  
  87  8:58  Hydralisk x2  
  101  9:11  Lurker Den  
  101  9:33  Hydralisk x2  
  101  9:34  Hydralisk x3  
  101  9:37  Roach  
  101  9:38  Zergling x6  
  76  10:13  Roach x5  
  73  10:24  Zergling x2  
  74  10:32  Roach x2  
  74  10:33  Hatchery  
  77  10:38  Zerg Missile Weapons Level 2  
  77  10:39  Zerg Ground Armor Level 2  
  77  10:41  Extractor  
  77  10:42  Hatchery  
  75  10:43  Lurker x2  
  75  10:44  Lurker x2  
  79  10:50  Drone  
  79  10:51  Drone x2  
  79  10:52  Drone  
  79  10:53  Drone x4  
  87  11:03  Infestation Pit  
  86  11:07  Roach x8  
  86  11:15  Roach  
  86  11:16  Roach x3  
  91  11:36  Lurker  
  81  11:57  Drone x5  
  81  11:58  Drone x4, Queen  
  82  12:03  Spire  
  82  12:06  Overlord x2  
  82  12:07  Overlord  
  77  12:12  Hydralisk x5  
  87  12:20  Extractor  
  87  12:21  Spore Crawler  
  87  12:22  Drone x2  
  87  12:23  Drone, Spine Crawler  
  87  12:24  Drone  
  87  12:29  Hive  
  88  12:41  Hydralisk x3  
  94  12:50  Hydralisk x2  
  94  12:51  Hydralisk  
  98  12:53  Lurker x2  
  98  12:55  Lurker  
  98  12:56  Drone  
  104  13:06  Roach  
  104  13:07  Roach x2  
  88  13:24  Lurker x2  
  88  13:25  Roach x3  
  88  13:26  Roach x5  
  104  13:30  Roach x5  
  104  13:31  Roach x2  
  118  13:42  Hydralisk x2  
  118  13:43  Hydralisk x3  
  96  14:10  Roach x3  
  96  14:12  Roach x2  
  96  14:13  Roach x6  
  96  14:14  Roach x2  
  112  14:21  Hydralisk  
  108  14:27  Roach  
  108  14:28  Roach x3  
  107  14:46  Hydralisk x4  
  107  14:47  Hydralisk x3  
  121  15:03  Greater Spire  
  121  15:04  Corruptor x5  
  121  15:05  Corruptor  
  133  15:11  Lurker  
  133  15:13  Lurker  
  135  15:24  Overlord x3  
  135  15:25  Overlord  
  135  15:48  Corruptor  
  135  15:49  Corruptor x5  
  147  16:18  Corruptor x4  
Show
View Real Time Build Order
Export as new Build Order

Hindulaatti Terran 

Build Orders: Reaper Expand, MMM Bio 

Get SALT Encoding   

  12  0:01  SCV  
  13  0:13  SCV  
  14  0:20  Supply Depot  
  14  0:25  SCV  
  15  0:42  SCV  
  16  0:44  Barracks  
  16  0:54  Refinery, SCV  
  17  1:06  SCV  
  18  1:19  SCV  
  19  1:38  Command Center  
  19  1:39  Orbital Command  
  19  1:43  Reaper  
  20  2:01  Supply Depot  
  20  2:05  SCV  
  21  2:18  SCV  
  21  2:19  Barracks Reactor  
  22  2:32  Barracks x2  
  22  2:33  SCV  
  23  2:50  SCV  
  24  2:51  Orbital Command  
  24  2:58  Marine x2  
  26  3:10  SCV  
  27  3:14  Refinery  
  27  3:17  Marine x2  
  27  3:19  Factory  
  29  3:20  Barracks Tech Lab  
  29  3:21  Barracks Reactor  
  29  3:22  SCV x2  
  31  3:35  Marine x2  
  31  3:39  SCV  
  31  3:40  SCV  
  35  3:52  Marauder, Marine, SCV x2  
  35  3:53  Marine  
  35  3:54  Stimpack  
  41  4:04  Widow Mine, SCV x2  
  41  4:09  Refinery x2  
  45  4:10  Marine  
  45  4:11  Engineering Bay  
  46  4:22  Starport  
  46  4:30  Supply Depot  
  46  4:31  Supply Depot  
  46  4:32  Supply Depot  
  46  4:51  Missile Turret, Marine x5  
  46  4:52  SCV x2  
  53  4:53  Missile Turret  
  51  5:09  Marine x3  
  51  5:10  Marauder  
  51  5:13  SCV x2  
  51  5:19  Terran Infantry Weapons Level 1  
  50  5:24  Widow Mine  
  50  5:25  SCV  
  50  5:26  Medivac  
  55  5:41  Marauder, Marine x4  
  61  5:43  SCV x2  
  63  5:53  Supply Depot  
  63  5:54  Supply Depot  
  63  5:55  SCV x2  
  63  5:56  Medivac  
  67  5:58  Marine  
  68  6:07  SCV x2  
  68  6:09  Combat Shields  
  70  6:15  Marauder, Marine x3  
  70  6:16  Marine  
  73  6:20  Supply Depot  
  73  6:24  Supply Depot  
  67  6:32  Marine x3  
  67  6:34  Marine, SCV x2  
  67  6:36  Refinery  
  73  7:05  Marine x4  
  73  7:06  Marine  
  76  7:14  Supply Depot  
  70  7:16  Supply Depot  
  68  7:23  Marine x4  
  68  7:24  Marauder, Starport Reactor, Barracks  
  68  7:25  Barracks  
  68  7:29  Factory Tech Lab  
  74  7:34  SCV  
  74  7:35  SCV  
  74  7:36  Terran Infantry Armor Level 1  
  76  7:41  Marine  
  77  7:47  SCV  
  77  7:51  Missile Turret x2  
  78  7:56  Marine x4  
  82  7:58  Marine  
  83  8:05  SCV  
  83  8:06  SCV  
  83  8:09  Supply Depot  
  83  8:10  Supply Depot  
  85  8:13  Marine  
  86  8:23  Engineering Bay  
  86  8:24  Armory  
  86  8:27  Marine x4  
  86  8:30  Barracks Reactor x2  
  86  8:31  Marine  
  91  8:34  SCV x2  
  93  8:44  Marine  
  93  8:45  Marine x2  
  96  8:50  Concussive Shells, SCV x2  
  86  9:22  Medivac x2  
  86  9:24  Widow Mine  
  83  9:30  Marine  
  83  9:31  Marauder, Marine x3  
  75  9:32  Marine x4  
  77  9:48  Marine  
  77  9:49  Marine x2  
  77  9:51  Terran Infantry Weapons Level 2, Terran Infantry Armor Level 2  
  77  9:52  Medivac x2, Widow Mine, SCV x2  
  78  10:01  Command Center  
  78  10:04  SCV  
  79  10:08  Marine x4  
  79  10:09  Marauder, Marine  
  79  10:10  Marine x3  
  89  10:28  Marine  
  89  10:29  Marine x7  
  89  10:31  Marauder  
  89  10:34  Refinery  
  99  10:36  Siege Tank  
  102  10:46  Marine  
  102  10:47  Marine x4  
  102  10:48  Marine  
  105  11:19  Marine x3  
  105  11:20  Marauder, Marine x5  
  105  11:36  Medivac, Marine  
  105  11:37  Marine x2  
  105  11:38  Marine x5  
  115  11:41  Orbital Command, Marauder  
  117  11:54  Marine  
  117  11:55  Marine x2  
  117  11:58  Marine x4, Siege Tank  
  127  12:03  Marauder  
  127  12:07  Terran Vehicle Weapons Level 1  
  129  12:10  Missile Turret  
  129  12:11  Refinery  
  129  12:14  Marine x4  
  133  12:16  Marine  
  133  12:19  Terran Infantry Weapons Level 3  
  134  12:26  Terran Infantry Armor Level 3  
  134  12:35  Marine  
  134  12:36  Marine x8  
  143  12:53  Marine x2  
  143  12:54  Marine x3  
  148  13:02  Widow Mine  
  116  13:24  Marine x3  
  116  13:25  Marine x6  
  122  13:32  Widow Mine  
  122  13:33  Medivac  
  122  13:34  Medivac, Command Center  
  112  13:42  Marine x8  
  112  13:43  Marine  
  119  14:00  Marine  
  119  14:01  Siege Tank  
  119  14:02  Marauder, Marine x5  
  120  14:03  Viking  
  120  14:04  Viking  
  62  15:20  Marine  
  65  15:21  Marauder, Marine x7  
  72  15:31  Barracks  
  72  15:32  Barracks x2  
  72  15:33  Barracks  
  72  15:35  Viking x2  
  76  15:38  Marine  
  76  15:39  Marine x5  
  79  15:57  Marine x4  
  65  15:58  Marauder, Marine x3  
  65  16:01  Siege Tank  
  52  16:19  Marauder  
  52  16:21  Marine  
  52  16:22  Marine x7  
Tags
 
Add a new tag
Caveats
  • Supply blocks, unpowered buildings, or Contaminate may cause inaccurate times.
  • Supply counts are checked every 10 seconds.